 Dungeon Crawl Stone Soup version 0.19-a0-1532-g228a5d9 (webtiles) character file.

114134 4thArraOfDagon the Grappler (level 16, -8/202 HPs)
             Began as a Troll Ice Elementalist on Sept 13, 2016.
             Was a Priest of Lugonu.
             Mangled by a balrug
             ... wielding a +2 demon whip of flaming
              (20 damage)
             ... on level 1 of the Abyss.
             The game lasted 01:19:33 (13710 turns).

4thArraOfDagon the Grappler (TrIE)                 Turns: 13710, Time: 01:19:34

Health: -8/202     AC: 26    Str: 27    XL:     16   Next: 15%
Magic:  2/24       EV: 16    Int: 17    God:    Lugonu [***...]
Gold:   163        SH:  0    Dex: 15    Spells: 2 memorised, 20 levels left

rFire  . . .     SeeInvis .       - Unarmed
rCold  + + .     Gourm    +     (armour currently unavailable)
rNeg   + + +     Faith    .     (no shield)
rPois  ∞         Spirit   .     (helmet restricted)
rElec  +         Dismiss  .     F - +0 cloak {MR+}
rCorr  .         Reflect  .     (gloves unavailable)
MR     +++++     Harm     +     (boots unavailable)
Stlth  +++.......               m - amulet of Jijoedoa {Harm *Drain rPois rN+ Stlth+}
                                T - ring of Nyluigax {rC+ rN+ Int+2 Dex+3}
                                f - ring "Sasmu" {MR+ Str+3 Int+3}

@: statue-form, very slow
A: unfitting armour, claws 3, agile 1, cold resistance 1, deterioration 1, dopey
2, fast metabolism 3, gourmand, magic resistance 2, regeneration 1, screaming 2,
(shaggy fur 0), strong 2, (tough skin 0)
a: End Transformation, Depart the Abyss, Bend Space, Banish, Renounce Religion


You were on level 1 of the Abyss.
You worshipped Lugonu.
Lugonu was most pleased with you.
You were very full.
You were a stone statue.
You visited 6 branches of the dungeon, and saw 31 of its levels.
You visited the Abyss 3 times.

You collected 2586 gold pieces.
You spent 2423 gold pieces at shops.

Inventory:

Hand Weapons
 E - a +1 executioner's axe
Missiles
 s - 8 poisoned javelins (quivered)
Armour
 l - a +1 robe of magic resistance (melded)
 F - a +0 cloak of magic resistance (worn)
 W - a +2 shield
Magical Staves
 e - an uncursed staff of energy {!a}
 p - an uncursed staff of wizardry {!a}
Jewellery
 a - the ring "Yrrioc" {Fire Dex+6 Stlth+}
   (You found it on level 6 of the Lair of Beasts)

   [ring of fire]

   It enhances your fire magic.
   It affects your dexterity (+6).
   It protects you from fire.
   It makes you vulnerable to cold.
   It makes you more stealthy.
 f - the ring "Sasmu" (left claw) {MR+ Str+3 Int+3}
   (You found it on level 3 of the Elven Halls)

   [ring of intelligence]

   It affects your strength (+3).
   It affects your intelligence (+3).
   It affects your resistance to hostile enchantments.
 i - an uncursed ring of see invisible
 m - the amulet of Jijoedoa (around neck) {Harm *Drain rPois rN+ Stlth+}
   (You acquired it on level 4 of the Abyss)

   [amulet of harm]

   It increases damage dealt and taken.
   It protects you from poison.
   It protects you from negative energy.
   It causes draining when unequipped.
   It makes you more stealthy.
 n - the ring of Kitok {Dex+10 SInv Stlth+}
   (You bought it in a shop on level 2 of the Orcish Mines)

   [ring of stealth]

   It affects your dexterity (+10).
   It lets you see invisible.
   It makes you more stealthy.
 w - an uncursed ring of protection from cold
 L - an uncursed ring of flight
 T - the ring of Nyluigax (right claw) {rC+ rN+ Int+2 Dex+3}
   (You bought it in a shop on level 7 of the Dungeon)

   [ring of protection from cold]

   It affects your intelligence (+2).
   It affects your dexterity (+3).
   It protects you from cold.
   It protects you from negative energy.
Wands
 u - a wand of disintegration (13/24)
 B - a wand of polymorph (1/24)
 I - a wand of confusion (10/48)
 M - a wand of teleportation (2/9)
 S - a wand of disintegration (14/24)
 Y - a wand of disintegration (13/24)
 Z - a wand of disintegration (2/24)
Scrolls
 h - 5 scrolls of remove curse
 j - a scroll of identify
 q - 2 scrolls of holy word
 A - 6 scrolls of recharging
 C - a scroll of magic mapping
 J - a scroll of fear
 K - a scroll of fog
 N - 2 scrolls of immolation
 O - a scroll of silence
 V - 4 scrolls of teleportation
 X - 2 scrolls of enchant armour
Potions
 b - 4 potions of curing
 o - 2 potions of might
 r - a potion of haste
 t - 2 potions of ambrosia
 x - a potion of cure mutation
 z - a potion of magic
 G - a potion of flight
 H - a potion of cancellation
 P - a potion of agility
 R - a potion of resistance
Books
 Q - a book of the Earth

   Spells                             Type                      Level
   a - Leda's Liquefaction            Hexes/Earth                  4
   b - Bolt of Magma                  Conjuration/Fire/Earth       5
   c - Statue Form                    Transmutation/Earth          6
   d - Iron Shot                      Conjuration/Earth            6
   e - Shatter                        Earth                        9
Miscellaneous
 k - a sack of spiders
 v - a lamp of fire
 y - a phial of floods
 U - a box of beasts
Comestibles
 c - 18 bread rations
 g - 16 meat rations
 D - 11 royal jellies


   Skills:
 - Level 9.2 Fighting
 - Level 10.0 Dodging
 - Level 1.1 Stealth
 - Level 14.0 Unarmed Combat
 - Level 6.2 Spellcasting
   Level 0.6 Conjurations
 * Level 8.8 Transmutations
   Level 2.1 Ice Magic
 * Level 10.2 Earth Magic
 - Level 9.0 Invocations


You had 20 spell levels left.
You knew the following spells:

 Your Spells              Type           Power        Failure   Level  Hunger
a - Apportation           Tloc           #.........   14%         1    None
b - Statue Form           Tmut/Erth      #####....    38%         6    #######


Dungeon Overview and Level Annotations

Branches:
Dungeon (15/15)            Temple (1/1) D:5            Lair (6/6) D:11
  Swamp (4/4) Lair:2       Spider (0/4) Lair:3        Slime (0/5) Lair:6
    Orc (2/2) D:10            Elf (3/3) Orc:2        Vaults (0/5) D:14
 Depths (0/5) D:15

Altars:
Ashenzari
Cheibriados
Dithmenos
Elyvilon
Fedhas
Gozag
Hepliaklqana
Kikubaaqudgha
Makhleb
Nemelex Xobeh
Okawaru
Qazlal
Ru
Trog
Uskayaw
Xom
Zin
The Shining One
Jiyva

Shops:
D:7 =}   D:9 :=[*?   Orc:2 =:=:   Elf:1 *

Portals:
Trove: Elf:1 (give horn of Geryon)

Annotations:
Elf:1 Frances
Elf:3 corrupted


Innate Abilities, Weirdness & Mutations

You are too large for most types of armour.
You have claws for hands.
Your metabolism is lightning-fast.
You like to eat raw meat.
Your natural rate of healing is unusually fast.
((You are covered in fur. (AC +1)))
((You have very tough skin. (AC +2)))
You are agile. (Dex +2)
Your flesh is cold resistant. (rC+)
Your body sometimes deteriorates upon taking damage.
You are highly resistant to hostile enchantments. (MR++)
Your muscles are very strong. (Str +4)
[You are very dopey. (Int -4)]
[You sometimes yell uncontrollably at your foes.]


Message History

Unknown command.
You mangle the large abomination!!
The large abomination is severely damaged.
The large abomination hits you!!
* * * LOW HITPOINT WARNING * * *
The large abomination misses you.
Unknown command.
Unknown command.
You eviscerate the large abomination!!!
You destroy the large abomination!
Unknown command.
Unknown command.
You enter the shallow water.
Moving in this stuff is going to be slow.
A balrug comes into view. It is wielding a demon whip of flaming.
The balrug barely misses you.
The balrug hits you with a demon whip of flaming!
* * * LOW HITPOINT WARNING * * *
You are engulfed in flames!
You die...

##.#.# . #.#....
#... ...♣...
#≈≈. ..≈...♣
#...≈ .....♣♣♣
#≈.≈.. ..≈.....
.≈.≈..♣♣2≈......
....♣.8♣♣♣.≈≈..
#.≈..≈≈≈.≈≈..≈.≈
#...≈≈≈≈.≈..≈≈..
...≈.≈≈≈.≈≈.≈...
#≈≈≈≈.≈≈≈≈≈≈..≈.
#..≈.♣.≈≈≈≈≈≈.≈.
#.≈≈≈.≈≈.≈≈.≈≈..
#...≈≈≈≈.≈..≈≈..
..≈≈≈......≈≈..


You could see a balrug.

Vanquished Creatures
  A deep elf blademaster (Elf:3)
  3 thorn hunters
  A deep elf sorcerer (Elf:1)
  An orc warlord (Orc:2)
  A deep elf elementalist (Elf:3)
  A deep elf annihilator (Elf:3)
  2 deep elf death magi (Elf:3)
  A deep elf high priest (Elf:3)
  5 hydras
  2 ice dragons (D:15)
  6 alligators
  7 dancing weapons
  A centaur warrior (D:14)
  4 ogre magi (Orc:2)
  2 tengu warriors
  9 death yaks (Lair:6)
  6 deep elf knights
  A large abomination (Abyss:1)
  A wretched star (Abyss:1)
  2 spriggans (Swamp:2)
  3 unseen horrors
  A swamp dragon (Swamp:2)
  2 shambling mangroves
  3 wizards
  A lindwurm (Lair:6)
  7 deep elf archers
  3 hill giants
  2 griffons
  6 ugly things
  A hornet (Swamp:2)
  A manticore (D:14)
  29 deep elf magi
  4 orc sorcerers (Orc:2)
  5 black mambas
  A torpor snail (Lair:6)
  13 elephants
  A centaur zombie (D:15)
  5 komodo dragons
  15 spiny frogs
  3 rime drakes
  A polar bear (Lair:6)
  4 trolls
  19 two-headed ogres
  2 dream sheep (Lair:6)
  5 bog bodies
  4 giant leeches
  7 slime creatures
  13 blink frogs
  A ynoxinul (Abyss:4)
  2 boulder beetles (Lair:6)
  A centaur simulacrum (D:14)
  Sigmund (D:5)
  5 water elementals
  2 air elementals
  2 wyverns
  7 yaks
  3 basilisks
  A fire bat (D:8)
  7 hippogriffs
  Grum (D:8)
  A golden eye (Abyss:4)
  17 vampire mosquitoes
  3 wargs
  2 mottled dragons
  4 insubstantial wisps (Swamp:2)
  2 hell hounds (D:11)
  4 swamp worms
  4 water moccasins
  5 porcupines
  2 swamp drakes (Swamp:2)
  17 orc warriors
  3 ice beasts
  3 necrophages
  A sky beast (D:7)
  3 phantoms
  12 wolves
  8 wasps
  A boggart (Elf:1)
  24 ogres
  8 centaurs
  8 crocodiles
  A big kobold (D:10)
  15 giant frogs
  An earth elemental (Elf:1)
  A wyvern skeleton (D:14)
  A small abomination (Abyss:4)
  3 wights (D:11)
  2 electric eels (Elf:3)
  12 crimson imps
  2 giant frog zombies
  5 hounds
  5 jellies
  8 orc priests
  A wasp zombie (D:7)
  Crazy Yiuf (D:7)
  3 centaur skeletons
  A giant frog skeleton (D:7)
  4 worker ants
  3 iguanas
  16 orc wizards
  A hound zombie (D:8)
  A worker ant zombie (D:8)
  4 adders
  13 river rats
  2 shadow imps
  5 oozes (D:9)
  2 adder zombies (D:9)
  2 giant geckos
  65 orcs
  3 bats
  3 hobgoblins
  10 jackals
  7 quokkas
  3 ball pythons (D:6)
  A giant gecko skeleton (D:5)
  A giant newt (D:7)
  5 kobolds (D:10)
  A quokka zombie (D:8)
  2 rats (D:2)
  A fungus (Lair:1)
  A plant (Lair:6)
601 creatures vanquished.

Vanquished Creatures (collateral kills)
  A centaur warrior (D:13)
  A tengu conjurer (D:13)
  A two-headed ogre (D:14)
3 creatures vanquished.

Vanquished Creatures (others)
  A deep elf master archer (Elf:3)
  2 deep elf sorcerers (Elf:3)
  2 deep elf elementalists (Elf:3)
  4 deep elf demonologists (Elf:3)
  7 deep elf annihilators (Elf:3)
  3 deep elf death magi (Elf:3)
  A deep elf high priest (Elf:3)
  6 hydras
  A dancing weapon (D:14)
  A deep elf knight (Elf:3)
  2 deep elf archers (Elf:3)
  3 deep elf magi (Elf:3)
  A small abomination (Elf:3)
  An orc (Orc:2)
  A giant newt (D:3)
  A rat (D:3)
  3 crawling corpses (Elf:3)
  2 fungi (Lair:5)
  A plant (Lair:1)
43 creatures vanquished.

Grand Total: 647 creatures vanquished

Notes
Turn   | Place    | Note
-------+----------+-------------------------------------------
     0 | D:1      | 4thArraOfDagon the Troll Ice Elementalist began the quest for the Orb.
     0 | D:1      | Reached XP level 1. HP: 16/16 MP: 1/1
   147 | D:2      | Reached skill level 1 in Unarmed Combat
   190 | D:2      | Reached XP level 2. HP: 10/24 MP: 2/2
   213 | D:2      | Reached skill level 2 in Unarmed Combat
   287 | D:4      | Reached XP level 3. HP: 31/31 MP: 3/3
   302 | D:4      | Found a hide-covered altar of Uskayaw.
   439 | D:4      | Reached skill level 3 in Unarmed Combat
   455 | D:5      | Entered Level 5 of the Dungeon
   494 | D:5      | Reached skill level 4 in Unarmed Combat
   494 | D:5      | Reached XP level 4. HP: 39/39 MP: 4/4
   501 | D:6      | Found an ancient bone altar of Kikubaaqudgha.
   532 | D:6      | Noticed a giant frog
   546 | D:6      | Killed a giant frog
   546 | D:6      | Reached skill level 5 in Unarmed Combat
   546 | D:6      | Reached XP level 5. HP: 28/45 MP: 5/5
   583 | D:6      | Noticed a phantom
   632 | D:6      | Killed a phantom
   632 | D:6      | Reached skill level 6 in Unarmed Combat
   632 | D:6      | Reached XP level 6. HP: 30/53 MP: 6/6
   736 | D:7      | Noticed a deep elf mage
   863 | D:7      | Reached skill level 7 in Unarmed Combat
   891 | D:7      | Found Ivuupluk's Gadget Emporium.
   897 | D:7      | Reached XP level 7. HP: 59/59 MP: 7/7
   902 | D:7      | Bought a wand of disintegration (12/24) for 160 gold pieces
  1021 | D:7      | Gained mutation: Your muscles are strong. (Str +2) [potion of mutation]
  1021 | D:7      | Gained mutation: You are resistant to hostile enchantments. (MR+) [potion of mutation]
  1021 | D:7      | Gained mutation: Your body sometimes deteriorates upon taking damage. [potion of mutation]
  1104 | D:7      | Found Onouhaq's Jewellery Shop.
  1123 | D:7      | Reached skill level 8 in Unarmed Combat
  1130 | D:7      | Found a runed door.
  1134 | D:7      | Noticed Crazy Yiuf
  1139 | D:7      | Killed Crazy Yiuf
  1305 | D:6      | Reached skill level 9 in Unarmed Combat
  1315 | D:6      | Reached XP level 8. HP: 34/67 MP: 8/8
  1437 | D:5      | timbw: hello
  1459 | D:5      | timbw: Oo
  1468 | D:5      | timbw: whats this tile
  1473 | D:5      | Found a shimmering altar of Xom.
  1480 | D:5      | Became a worshipper of Xom of Chaos
  1480 | D:5      | XOM: potion effect (brilliance)
  1493 | D:5      | Reached skill level 10 in Unarmed Combat
  1494 | D:5      | XOM: potion effect (curing)
  1524 | D:5      | Found a staircase to the Ecumenical Temple.
  1533 | Temple   | Entered the Ecumenical Temple
  1534 | Temple   | 4thArraOfDagon: hi
  1534 | Temple   | 4thArraOfDagon: take a guess :)
  1553 | Temple   | timbw: uhm
  1553 | Temple   | timbw: its some sort of stone giant
  1566 | Temple   | timbw: is it a sprint boss?
  1574 | D:5      | 4thArraOfDagon: yea
  1576 | D:5      | timbw: I like the hat
  1598 | D:5      | Found a snail-covered altar of Cheibriados.
  1606 | D:5      | Noticed Sigmund
  1611 | D:5      | Killed Sigmund
  1702 | D:6      | 4thArraOfDagon: he looks like cook
  1769 | D:7      | Noticed a jumping spider
  1770 | D:7      | Noticed a red devil
  1770 | D:7      | Killed a deep elf mage
  1770 | D:7      | Reached skill level 11 in Unarmed Combat
  1770 | D:7      | Reached XP level 9. HP: 62/74 MP: 9/9
  1913 | D:8      | Found a white marble altar of Elyvilon.
  1941 | D:8      | XOM: harmless Hex miscast
  1986 | D:8      | Noticed Grum
  1987 | D:8      | XOM: enchant monster (good)
  2007 | D:8      | XOM: enchant monster (good)
  2025 | D:9      | Found Fiydaddy's General Store.
  2034 | D:9      | Found Fecet's Magic Scroll Boutique.
  2042 | D:9      | Bought a scroll of magic mapping for 45 gold pieces
  2052 | D:9      | Reached skill level 12 in Unarmed Combat
  2076 | D:9      | Found Zaebrosaz's Book Shoppe.
  2076 | D:9      | XOM: 3-stop teleportation journey
  2113 | D:9      | XOM: enchant monster (good)
  2147 | D:9      | Found Xoshra's Antique Armour Boutique.
  2151 | D:9      | Found Duthu's Jewellery Shoppe.
  2283 | D:9      | Found an opulent altar of Gozag.
  2357 | D:9      | Found an iron altar of Okawaru.
  2373 | D:9      | Found a hazy altar of Hepliaklqana.
  2473 | D:8      | Noticed Maurice
  2476 | D:8      | Reached skill level 13 in Unarmed Combat
  2476 | D:8      | XOM: confuse monster(s)
  2482 | D:8      | Noticed Maurice
  2482 | D:8      | Maurice changed into Maurice the fire bat
  2482 | D:8      | XOM: polymorph Maurice -> Maurice the fire bat
  2486 | D:8      | XOM: noise
  2494 | D:8      | XOM: summons 2 friendly demons
  2500 | D:8      | XOM: god gift: hand crossbow {god gift}
  2501 | D:8      | Killed Maurice the fire bat
  2594 | D:8      | XOM is BORED!
  2594 | D:8      | XOM: stat loss: -3 Int (11/14)
  2743 | D:10     | Entered Level 10 of the Dungeon
  2757 | D:10     | XOM: polymorph orc priest -> river rat
  2778 | D:10     | Noticed an unseen horror
  2778 | D:10     | XOM: confuse monster(s)
  2820 | D:10     | XOM: polymorph warg -> wasp
  2826 | D:10     | Reached XP level 10. HP: 81/81 MP: 10/10
  2858 | D:10     | Reached skill level 14 in Unarmed Combat
  2944 | D:10     | Found a staircase to the Orcish Mines.
  2968 | D:10     | XOM: god gift: 6 curare-tipped needles
  3185 | D:11     | Found a staircase to the Lair.
  3185 | D:11     | XOM: 6-stop teleportation journey
  3192 | D:11     | XOM: divination: detect creatures
  3197 | D:11     | XOM: confuse monster(s)
  3200 | D:11     | Reached skill level 1 in Fighting
  3257 | D:11     | Noticed a cyan ugly thing
  3259 | D:11     | XOM: noise
  3260 | D:11     | XOM: divination: magic mapping
  3277 | D:11     | Killed a cyan ugly thing
  3500 | D:12     | Noticed a four-headed hydra
  3507 | D:12     | XOM: divination: magic mapping
  3525 | D:12     | LOL
  3526 | D:12     | XOM: potion effect (curing)
  3528 | D:12     | XOM: noise
  3536 | D:12     | XOM: destruction
  3538 | D:12     | XOM: divine lightning (protected)
  3540 | D:12     | Killed a four-headed hydra
  3542 | D:12     | XOM: confusion (+ monsters)
  3632 | D:13     | Learned a level 1 spell: Apportation
  3711 | D:13     | XOM: 6-stop teleportation journey
  3751 | D:13     | XOM: stat loss: -1 Dex (9/10)
  3760 | D:14     | XOM: mild Chrm miscast
  3778 | D:14     | XOM: potion effect (agility)
  3783 | D:14     | XOM: confuse monster(s)
  3861 | D:14     | XOM: enchant monster (good)
  3976 | D:14     | Found a gate to the Vaults.
  3977 | D:14     | Noticed a wizard
  3985 | D:14     | Killed a wizard
  3985 | D:14     | Reached skill level 5 in Dodging
  4001 | D:14     | Noticed a manticore
  4008 | D:14     | XOM: divination: detect items
  4011 | D:14     | Killed a manticore
  4011 | D:14     | Reached XP level 11. HP: 39/101 MP: 11/11
  4012 | D:14     | Noticed a necromancer
  4042 | D:14     | Reached skill level 5 in Fighting
  4094 | D:15     | Entered Level 15 of the Dungeon
  4113 | D:15     | Found a white marble altar of Elyvilon.
  4115 | D:15     | Noticed a tengu warrior
  4132 | D:15     | XOM: enchant monster (good)
  4171 | D:15     | Killed a tengu warrior
  4204 | D:15     | XOM: scenery: 1 doors open, 1 doors close
  4217 | D:15     | Noticed a hill giant
  4222 | D:15     | Killed a hill giant
  4243 | D:14     | Noticed a hill giant
  4246 | D:14     | XOM: smoke on damage
  4250 | D:14     | Killed a hill giant
  4267 | D:14     | XOM: cleaving
  4278 | D:15     | Noticed an unseen horror
  4279 | D:15     | Killed an unseen horror
  4322 | D:15     | Noticed a green ugly thing
  4323 | D:15     | Noticed a green ugly thing
  4323 | D:15     | Noticed a green ugly thing
  4323 | D:15     | Noticed a green ugly thing
  4324 | D:15     | Noticed a green ugly thing
  4325 | D:15     | XOM: cleaving
  4331 | D:15     | Killed a green ugly thing
  4335 | D:15     | Killed a white ugly thing
  4335 | D:15     | Killed a green ugly thing
  4336 | D:15     | Killed a green ugly thing
  4346 | D:15     | Killed a white ugly thing
  4356 | D:15     | Gained mutation: Your flesh is cold resistant. (rC+) [mutagenic meat]
  4359 | D:15     | Gained mutation: Your muscles are very strong. (Str +4) [mutagenic meat]
  4360 | D:15     | XOM: divination: detect creatures
  4382 | D:15     | Gained mutation: You are highly resistant to hostile enchantments. (MR++) [mutagenic meat]
  4385 | D:15     | Gained mutation: You are agile. (Dex +2) [mutagenic meat]
  4427 | D:15     | Noticed an ice dragon
  4438 | D:15     | Killed an ice dragon
  4510 | D:15     | Noticed an ice dragon
  4530 | D:15     | Killed an ice dragon
  4585 | D:15     | Found a staircase to the Depths.
  4658 | D:14     | Noticed a deep elf mage
  4669 | D:14     | XOM: summons 2 friendly demons
  4673 | D:14     | Killed a deep elf mage
  4760 | D:14     | Noticed an unseen horror
  4768 | D:14     | Killed an unseen horror
  4768 | D:14     | Reached XP level 12. HP: 77/119 MP: 12/12
  4823 | D:14     | Noticed a centaur warrior
  4824 | D:14     | XOM: destruction
  4827 | D:14     | Killed a centaur warrior
  4907 | D:13     | Noticed a five-headed hydra
  4907 | D:13     | XOM: butterfly on damage
  4931 | D:13     | Noticed a centaur warrior
  4934 | D:13     | XOM: fog
  4939 | D:13     | XOM: cast spell 'Summon Mana Viper'
  4941 | D:13     | Killed a centaur warrior
  4950 | D:13     | Noticed a tengu warrior
  4959 | D:13     | XOM: enchant monster (good)
  4964 | D:13     | Killed a tengu warrior
  4984 | D:13     | Killed a five-headed hydra
  5134 | D:8      | Killed Grum
  5199 | D:7      | Bought the ring of Nyluigax {rC+ rN+ Int+2 Dex+3} for 513 gold pieces
  5286 | Orc:1    | Entered Level 1 of the Orcish Mines
  5354 | Orc:1    | XOM: medium Tloc miscast
  5354 | Orc:1    | Cast into level 3 of the Abyss (the capriciousness of Xom)
  5355 | Abyss:3  | WTHAT
  5384 | Abyss:4  | srsly
  5426 | Abyss:4  | XOM: mild Ice miscast
  5454 | Abyss:4  | XOM: cast spell 'Summon Hydra'
  5507 | Abyss:4  | Identified a scroll of acquirement
  5508 | Abyss:4  | Got a coiled garnet amulet
  5509 | Abyss:4  | Identified the amulet of Jijoedoa {Harm *Drain rPois rN+ Stlth+} (You acquired it on level 4 of the Abyss)
  5565 | Abyss:4  | Noticed a starcursed mass
  5568 | Abyss:4  | Noticed a cacodemon
  5600 | Abyss:4  | XOM: summons friendly soul eater
  5601 | Abyss:4  | HP: 3/122 [spatial maelstrom (22)]
  5602 | Abyss:4  | jacquesderrida: Chukkkkkkkkkkkkkk
  5606 | Abyss:4  | Noticed a lich
  5615 | Abyss:4  | Found a corrupted altar of Lugonu.
  5628 | Abyss:4  | Noticed a tentacled starspawn
  5628 | Abyss:4  | Fell from the grace of Xom
  5628 | Abyss:4  | Became a worshipper of Lugonu the Unformed
  5628 | Abyss:4  | Reached * piety under Lugonu
  5629 | Orc:1    | Escaped the Abyss
  5630 | Orc:1    | 4thArraOfDagon: CHUCK
  5674 | Orc:1    | XOM: torment (41/122 hp)
  5676 | Orc:1    | jacquesderrida: CHUK ROK
  5879 | Orc:1    | Xelenos: nice
  5879 | Orc:1    | 4thArraOfDagon: i barelly recall that game out of depths
  5899 | Orc:1    | jacquesderrida: Thanks
  5904 | Orc:1    | Xelenos: is it the new aparance of the troll ?
  5916 | Orc:1    | jacquesderrida: Yes
  5946 | Orc:1    | Xelenos: very nice :D
  5960 | Orc:1    | migoded: this is why you play trunk
  5962 | Orc:1    | jacquesderrida: It's for Premium Users only though
  6081 | Orc:2    | Entered Level 2 of the Orcish Mines
  6146 | Orc:1    | XOM: medium Air miscast
  6221 | Orc:2    | Xelenos: we don't have this on 0.18 ?
  6241 | Orc:2    | jacquesderrida: No
  6289 | Orc:2    | Xelenos: :'(
  6343 | Orc:2    | HMMM
  6351 | Orc:2    | jacquesderrida: won't ever have!
  6353 | Orc:2    | jacquesderrida: I sory!
  6390 | Orc:2    | Reached skill level 10 in Dodging
  6408 | Orc:2    | Reached ** piety under Lugonu
  6483 | Orc:2    | Noticed an ogre mage
  6486 | Orc:2    | Reached skill level 1 in Invocations
  6499 | Orc:2    | Killed an ogre mage
  6566 | Orc:2    | XOM: summons 4 hostile demons
  6692 | Orc:2    | Noticed an ogre mage
  6704 | Orc:2    | XOM: mild Divn miscast
  6776 | Orc:2    | Reached XP level 13. HP: 106/131 MP: 14/16
  6844 | Orc:2    | Reached *** piety under Lugonu
  6913 | Orc:2    | Noticed an orc warlord
  7011 | Orc:1    | 4thArraOfDagon: np
  7067 | Orc:2    | Found Lomi's Book Boutique.
  7067 | Orc:2    | Found Kuopp's Book Shoppe.
  7067 | Orc:2    | Found Xoaghek's Jewellery Shoppe.
  7067 | Orc:2    | Found Orchusmuta's Jewellery Shop.
  7096 | Orc:2    | Found a staircase to the Elven Halls.
  7101 | Orc:2    | XOM: mild Erth miscast
  7124 | Elf:1    | XOM: noise
  7124 | Elf:1    | Entered Level 1 of the Elven Halls
  7173 | Elf:1    | jacquesderrida: thank
  7184 | Elf:1    | Found Taruma's General Store.
  7200 | Elf:1    | Reached skill level 5 in Invocations
  7237 | Elf:1    | 4thArraOfDagon: yw
  7286 | Elf:1    | jacquesderrida: wew
  7292 | Elf:1    | jacquesderrida: shilt
  7307 | Elf:1    | Found a portal to a secret trove of treasure.
  7323 | Elf:1    | jacquesderrida: TResars
  7441 | Elf:1    | Noticed Frances
  7613 | Elf:1    | Noticed a deep elf sorcerer
  7618 | Elf:1    | Killed a deep elf sorcerer
  7759 | Elf:1    | Reached skill level 5 in Spellcasting
  7809 | Elf:1    | XOM: mild Necr miscast
  7953 | Elf:1    | Reached XP level 14. HP: 106/139 MP: 21/21
  8078 | Elf:2    | Reached **** piety under Lugonu
  8142 | Elf:1    | XOM: harmless Hex miscast
  8327 | Orc:2    | Bought a book of the Earth for 910 gold pieces
  8334 | Orc:2    | Learned a level 6 spell: Statue Form
  8433 | Elf:2    | Noticed a deep elf sorcerer
  8591 | Lair:1   | Entered Level 1 of the Lair of Beasts
  8659 | Lair:1   | XOM: harmless Hex miscast
  8775 | Lair:3   | Reached skill level 1 in Earth Magic
  8790 | Lair:3   | Reached skill level 1 in Transmutations
  8835 | Lair:2   | Got a scorched hand crossbow
  8836 | Lair:2   | Identified the +5 hand crossbow of Resumed Hostilities {freeze, Int+3} (You found it on level 2 of the Lair of Beasts)
  9455 | Lair:4   | XOM: medium Fire miscast
  9559 | Lair:5   | Reached ***** piety under Lugonu
  9568 | Lair:5   | XOM: confusion (+ monsters)
  9615 | Lair:6   | Entered Level 6 of the Lair of Beasts
  9708 | Lair:6   | XOM: enchant monster (bad)
  9808 | Lair:6   | XOM: mild Erth miscast
 10074 | Lair:6   | Reached skill level 5 in Earth Magic
 10104 | Lair:6   | XOM: swap monsters
 10349 | Lair:6   | Reached skill level 5 in Transmutations
 10417 | Lair:6   | Found a staircase to the Slime Pits.
 10424 | Lair:6   | Found a viscous altar of Jiyva.
 10511 | Lair:6   | Reached XP level 15. HP: 146/146 MP: 23/23
 10609 | Lair:6   | XOM: mild Hex miscast
 10623 | Lair:6   | Got a smoking bone ring
 10625 | Lair:6   | Identified the ring "Yrrioc" {Fire Dex+6 Stlth+} (You found it on level 6 of the Lair of Beasts)
 10875 | Lair:4   | XOM: mild Divn miscast
 11000 | Lair:2   | Found a staircase to the Swamp.
 11270 | Orc:2    | Turgon: This tile!
 11275 | Orc:2    | Killed an orc warlord
 11386 | Elf:1    | XOM: noise
 11417 | Elf:3    | Entered Level 3 of the Elven Halls
 11418 | Elf:3    | Turgon: Stone giant with light blue cap and shorts
 11474 | Elf:3    | 4thArraOfDagon: thats all me
 11530 | Elf:3    | Turgon: Oh, in real life you look like this as well
 11691 | Elf:3    | XOM: 1-stop teleportation journey
 11692 | Elf:3    | Noticed a deep elf master archer
 11692 | Elf:3    | Noticed a deep elf sorcerer
 11692 | Elf:3    | Noticed a deep elf sorcerer
 11693 | Elf:3    | Corrupted Elf:3
 11699 | Elf:3    | Noticed a bone dragon
 11704 | Elf:3    | Killed a deep elf sorcerer
 11709 | Elf:3    | Killed a deep elf sorcerer
 11721 | Elf:3    | Killed a deep elf master archer
 11878 | Elf:3    | Noticed a deep elf blademaster
 11903 | Elf:3    | HP: 5/146 [deep elf blademaster/rapier (18)]
 11930 | Elf:3    | Turgon: Don't underestimate blademaster!
 12006 | Elf:3    | Turgon: 4thArraOfDagon the batman
 12163 | Elf:3    | Killed a deep elf blademaster
 12329 | Elf:3    | Got a slimy bronze ring
 12331 | Elf:3    | Identified the ring of the Hero {Fire Str+4} (You found it on level 3 of the Elven Halls)
 12364 | Elf:3    | Got a vibrating bone ring
 12366 | Elf:3    | Identified the ring "Sasmu" {MR+ Str+3 Int+3} (You found it on level 3 of the Elven Halls)
 12381 | Elf:3    | Turgon: staff wiz :-)
 12395 | Elf:3    | XOM: chaos upgrade
 12434 | Elf:3    | Identified the Collected Works on Congealing Lightness
 12459 | Elf:3    | Identified the Incunabulum of Flamy Transformation
 12474 | Elf:3    | Turgon: Did you drop TLA on purpose?
 12494 | Elf:3    | 4thArraOfDagon: yea
 12494 | Elf:3    | Turgon: ok
 12494 | Elf:3    | 4thArraOfDagon: spell penalty
 12599 | Orc:2    | Bought the ring of Kitok {Dex+10 SInv Stlth+} for 795 gold pieces
 12942 | Swamp:1  | Entered Level 1 of the Swamp
 13003 | Swamp:2  | XOM: medium Tloc miscast
 13004 | Swamp:2  | Cast into level 2 of the Abyss (the capriciousness of Xom)
 13013 | Abyss:2  | Noticed a bone dragon
 13023 | Abyss:2  | Turgon: what?
 13034 | Swamp:2  | Escaped the Abyss
 13037 | Swamp:2  | 4thArraOfDagon: xom
 13045 | Swamp:2  | Turgon: ahh
 13299 | Swamp:3  | Noticed a thorn hunter
 13302 | Swamp:3  | Killed a thorn hunter
 13629 | Swamp:4  | Entered Level 4 of the Swamp
 13629 | Swamp:4  | Noticed a thorn hunter
 13631 | Swamp:4  | Noticed a thorn hunter
 13634 | Swamp:3  | Killed a thorn hunter
 13634 | Swamp:3  | Reached XP level 16. HP: 156/156 MP: 24/24
 13654 | Swamp:3  | Turgon: ?? thorn hunter
 13655 | Swamp:3  | beem: thorn hunter[1/1]: Fast, mobile plants which fire volleys of thorns while making large "briar patches" to keep you from escaping and protect themselves. Briar patches will hurt you when you melee them, and can be fired through similar to brushes. Appear in Swamp as top-tier threats.
 13676 | Swamp:4  | Reached skill level 10 in Earth Magic
 13687 | Swamp:4  | Killed a thorn hunter
 13695 | Swamp:4  | Noticed a thorn hunter
 13710 | Abyss:1  | Mangled by a balrug

Vault maps used:
D:1:      tarquinn_simple_flora_water_e
D:2:      lemuel_coloured_pillars_altar, first_bread
D:3:      fiery_altar_vehumet, minmay_item_behind_shaft
D:4:      minmay_diamond_boxcup, eat_drink_and_be_merry_uskayaw, st_stairs_3,
          uniq_robin
D:5:      cheibriados_altar_1, serial_park_tiny_1,
          hangedman_decor_diamond_cutter, led_xom_imps, uniq_sigmund
D:6:      kiku_gazebo_pond_becter
D:7:      lemuel_ice_statue, serial_shops, shop, nicolae_shop_waterfront,
          guppyfry_early_elven_hall, uniq_crazy_yiuf_cottage
D:8:      kennysheep_ying_yang, uniq_psyche, uniq_grum, uniq_maurice
D:9:      old_standard_altar, kennysheep_mini_moat, basic_altar, serial_shops,
          shop, shop, shop, shop_scrolls,
          nicolae_shop_temple_entry_statues_fountains,
          hangedman_little_slice_of_home
D:10:     erik_orc_3
D:11:     minmay_lair_entry_lava, kennysheep_generic_room_5
D:12:     hangedman_decor_points, uniq_snorg, uniq_harold, uniq_erolcha
D:13:     minivault_8
D:14:     david_vaults_1, serial_park_tiny_pond
D:15:     grunt_enter_depths_hoard, serial_shops, bzr_entry_islet,
          elyvilon_altar_3
Temple:   minmay_temple_bridge_abc
Lair:1:   lemuel_fruit_tree
Lair:2:   swamp_mist, infiniplex_staircase_pool_2
Lair:3:   nicolae_spider_entry_tight_spaces
Lair:4:   grunt_forest_small_clearing_treed
Lair:5:   serial_bayou_pond_a
Lair:6:   hangedman_lair_in_review, slime_altar_1
Swamp:1:  nicolae_swamp_very_dense_foliage, uniq_nikola, uniq_donald
Swamp:2:  evilmike_swamp_ruin_house_2
Swamp:3:  evilmike_swamp_ruin_house_6, nicolae_swamp_stair_fork,
          infiniplex_staircase_pool
Swamp:4:  swamp_basic_johnstein
Orc:2:    st_orc_ogre_mass
Elf:1:    nicolae_trove_entry_free_sample, serial_shops, nicolae_shop_trees,
          hangedman_elf_disciples, uniq_frances
Elf:2:    serial_shops, nicolae_shop_statue_plus
Elf:3:    minmay_elf_hall_quartered_circle, evilmike_minifort
Abyss:4:  evilmike_nicolae_abyss_rune_containment_curve, due_exit_kobolds

Skill      XL: |  1  2  3  4  5  6  7  8  9 10 11 12 13 14 15 16 |
---------------+-------------------------------------------------+-----
Unarmed Combat | 1 2 4 5 6 7 9 11 13 14 | 14.0
Dodging        | 5 8 10 | 10.0
Fighting       | 4 7 9 |  9.2
Invocations    | 3 7 9 |  9.0
Spellcasting   | 2 5 6 |  6.2
Earth Magic    | 6 9 10 | 10.2
Transmutations | 5 8 |  8.8
Stealth        | |  1.1
Conjurations   | |  0.6
Ice Magic      | |  2.1

Action                   |  1- 3 |  4- 6 |  7- 9 | 10-12 | 13-15 | 16-18 || total
-------------------------+-------+-------+-------+-------+-------+-------++-------
Melee: Unarmed           |    92 |    71 |   274 |   496 |   864 |    37 ||  1834
       Punch             |       |     2 |    12 |    39 |    58 |     1 ||   112
       Executioner's axe |       |       |       |     2 |       |       ||     2
Throw: Throwing net      |       |       |     1 |       |       |       ||     1
       Javelin           |       |       |       |    22 |    18 |       ||    40
 Cast: Statue Form       |       |       |       |       |     9 |     1 ||    10
Invok: Depart the Abyss  |       |       |       |     1 |     1 |       ||     2
       Banish            |       |       |       |       |     9 |       ||     9
       Corrupt           |       |       |       |       |     1 |       ||     1
       Enter the Abyss   |       |       |       |       |       |     1 ||     1
 Abil: End Transformatio |       |       |       |       |     1 |       ||     1
Evoke: Wand              |       |       |    11 |    24 |    18 |       ||    53
       Lamp of fire      |       |       |       |       |     1 |       ||     1
       Phial of floods   |       |       |       |       |     1 |       ||     1
  Use: Scroll            |     2 |     3 |    13 |    12 |    14 |       ||    44
       Potion            |       |       |     1 |    14 |    11 |     1 ||    27
 Stab: Distracted        |       |       |     1 |       |     4 |       ||     5
       Paralysed         |       |       |     1 |       |       |       ||     1
       Sleeping          |       |       |       |     5 |    10 |       ||    15
  Eat: Chunk             |     6 |     4 |    19 |    46 |    78 |       ||   153
       Beef jerky        |       |       |       |       |     1 |       ||     1
Armor: Robe              |    26 |    22 |    62 |    62 |     4 |       ||   176
       Skin              |       |       |       |    54 |   185 |    46 ||   285
       Troll hide        |       |       |       |     4 |     9 |       ||    13
       Troll leather arm |       |       |       |       |    63 |       ||    63
Dodge: Dodged            |    61 |    31 |   127 |   238 |   643 |    70 ||  1170
